 Dungeon Crawl Stone Soup version 0.19.0-9-gfd783f2 (webtiles) character file.

283 Larett the Caller (level 6, -13/32 HPs)
             Began as a Gargoyle Summoner on Nov 8, 2016.
             Was a Follower of Vehumet.
             Engulfed by a cloud of flame (24 damage)
             ... in a sewer.
             The game lasted 00:17:02 (3069 turns).

Larett the Caller (Gargoyle Summoner)               Turns: 3069, Time: 00:17:03

Health: -13/32     AC:  7    Str: 11    XL:     6   Next: 28%
Magic:  0/9        EV: 12    Int: 18    God:    Vehumet [*.....]
Gold:   102        SH:  0    Dex: 10    Spells: 2 memorised, 5 levels left

rFire  . . .     SeeInvis .     a - +1 dagger (protect)
rCold  . . .     Gourm    .     h - +1 robe
rNeg   + . .     Faith    .     (no shield)
rPois  ∞         Spirit   .     (no helmet)
rElec  +         Reflect  .     (no cloak)
rCorr  .         Harm     .     (no gloves)
MR     .....                    (no boots)
Stlth  +++.......               (no amulet)
                                (no ring)
                                (no ring)

@: no status effects
A: negative energy resistance 1, electricity resistance, unbreathing,
petrification resistance, rot immunity, AC +4
a: Renounce Religion


You were in a sewer.
You worshipped Vehumet.
Vehumet was aware of your devotion.
You were very hungry.

You visited 1 branch of the dungeon, and saw 3 of its levels.
You also visited: Sewer.

You collected 102 gold pieces.

Inventory:

Hand Weapons
 a - a +1 dagger of protection (weapon)
 b - a +0 blowgun
 j - a +0 blowgun
 q - a +0 hand crossbow
 v - a +0 dagger
Missiles
 d - 98 stones (quivered)
 e - 5 needles of paralysis
 f - 31 bolts
 i - 34 arrows
 n - 2 needles of confusion
 r - 5 sling bullets
 w - 2 poisoned needles
Armour
 h - a +1 robe (worn)
 k - a +0 helmet
Scrolls
 o - a scroll of remove curse
 p - a scroll of fog
Potions
 s - a potion of mutation {unknown}
Books
 t - a book of Callings

   Spells                             Type                      Level
   a - Summon Small Mammal            Summoning                    1
   b - Call Imp                       Summoning                    2
   c - Call Canine Familiar           Summoning                    3
   d - Summon Guardian Golem          Hexes/Summoning              3
   e - Summon Lightning Spire         Summoning/Air                4
   f - Summon Ice Beast               Ice/Summoning                4
Comestibles
 c - 2 bread rations
 g - 5 fruits
 m - a beef jerky


   Skills:
 - Level 1.5 Dodging
 - Level 4.9 Stealth
 - Level 2.0 Spellcasting
 + Level 5.7 Summonings


You had 5 spell levels left.
You knew the following spells:

 Your Spells              Type           Power        Failure   Level  Hunger
a - Summon Small Mammal   Summ           ###.         1%          1    #......
b - Summon Guardian Gole  Hex/Summ       ##......     21%         3    ###....


Dungeon Overview and Level Annotations

Branches:
Dungeon (3/15)

Altars:
Fedhas
Trog
Vehumet


Innate Abilities, Weirdness & Mutations

You are resistant to torment.
Your stone body is resilient. (AC +4)
You are immune to poison.
You resist negative energy. (rN+)
You are resistant to electric shocks. (rElec)
You can survive without breathing.
You are immune to petrification.
You are immune to rotting.


Message History

You have reached level 6!
Your experience leads to an increase in your attributes!
Increase (S)trength, (I)ntelligence, or (D)exterity?
You feel clever.
The fiery explosion engulfs your quokka.
Your quokka dies!
Your quokka's corpse disappears in a puff of smoke!
The fiery explosion engulfs you!
Ouch! That really hurt!
* * * LOW HITPOINT WARNING * * *
The fiery explosion engulfs your quokka.
Your quokka dies!
Your quokka's corpse disappears in a puff of smoke!
You hear a shout! x3
Really walk into that cloud of steam?
Okay, then.
It was a potion of cancellation.
You feel magically purged.
You are engulfed in roaring flames.
Ouch! That really hurt!
You die...

#≈≈≈≈≈≈#.≈.#≈≈≈≈≈≈#≈≈≈#
#≈≈≈≈≈≈#.≈.≈≈≈≈≈≈≈#≈≈≈#
#≈≈≈≈≈≈#≈.≈#≈≈≈≈≈≈#≈≈≈#
#≈≈≈≈....≈...≈≈≈≈≈#≈≈≈#
#≈≈≈...#≈≈≈#..≈...#≈≈.#
#......#≈≈≈#......#≈.≈#
#+#######≈#######'##.##
......#§§§#......#.≈≈#
.≈.≈≈.†.§9§≈≈≈≈≈≈...≈#
≈≈≈≈≈≈#.§§#≈≈≈≈≈≈#.≈≈#
########§#############
### ##.K.##
#KK.##..§..##
..≈.'.......+
..≈.'.§(_.§.+
..§.'(......+
#..§##.§.§.##


You could see a kobold.

Vanquished Creatures
  Terence (D:1)
  A big kobold zombie (Sewer)
  9 adders
  A shadow imp (Sewer)
  An ooze (D:1)
  2 dart slugs
  2 leopard geckos
  5 giant cockroaches
  6 goblins
  4 hobgoblins
  3 jackals (D:1)
  2 ball pythons
  6 bats
  A frilled lizard (D:2)
  10 kobolds
  10 rats
64 creatures vanquished.

Vanquished Creatures (collateral kills)
  A big kobold (Sewer)
  A big kobold zombie (Sewer)
  3 adders
  2 ufetubi (Sewer)
  3 leopard geckos
  A ball python (D:1)
  A bat (Sewer)
  A giant cockroach (D:3)
  A hobgoblin (D:2)
  A jackal (D:1)
  7 kobolds
  A frilled lizard (D:2)
  A giant cockroach zombie (Sewer)
24 creatures vanquished.

Vanquished Creatures (others)
  A frilled lizard (D:2)
  A giant cockroach zombie (Sewer)
  2 kobold zombies (Sewer)
4 creatures vanquished.

Grand Total: 92 creatures vanquished

Notes
Turn   | Place    | Note
-------+----------+-------------------------------------------
     0 | D:1      | Larett the Gargoyle Summoner began the quest for the Orb.
     0 | D:1      | Reached XP level 1. HP: 10/10 MP: 3/3
   296 | D:1      | Reached skill level 3 in Stealth
   296 | D:1      | Reached XP level 2. HP: 15/15 MP: 5/5
   659 | D:1      | Reached XP level 3. HP: 17/19 MP: 3/6
   662 | D:1      | Reached skill level 4 in Stealth
   693 | D:1      | Learned a level 3 spell: Summon Guardian Golem
   838 | D:2      | Noticed Terence
   999 | D:1      | Killed Terence
  1260 | D:2      | Found a radiant altar of Vehumet.
  1335 | D:2      | Reached XP level 4. HP: 24/24 MP: 7/7
  1669 | D:2      | Reached skill level 4 in Summonings
  1682 | D:2      | Found a bloodstained altar of Trog.
  1682 | D:2      | Found a blossoming altar of Fedhas.
  1843 | D:2      | Became a worshipper of Vehumet
  2168 | D:3      | Reached XP level 5. HP: 27/28 MP: 8/8
  2455 | D:3      | Found a glowing drain.
  2485 | Sewer    | Entered a sewer
  2608 | Sewer    | Reached skill level 5 in Summonings
  2999 | Sewer    | Found a burning altar of Makhleb.
  3016 | Sewer    | Reached * piety under Vehumet
  3016 | Sewer    | Offered knowledge of Shock by Vehumet.
  3036 | Sewer    | Noticed a big kobold
  3068 | Sewer    | Killed a big kobold
  3068 | Sewer    | Reached XP level 6. HP: 32/32 MP: 0/9
  3069 | Sewer    | Engulfed by a cloud of flame

Skill      XL: |  1  2  3  4  5 |
---------------+----------------+-----
Stealth        | 3 4 |  4.9
Summonings     | 4 5 |  5.7
Dodging        | |  1.5
Spellcasting   | |  2.0

Action                   |  1- 3 |  4- 6 || total
-------------------------+-------+-------++-------
Melee: Unarmed           |     7 |       ||     7
       Whip              |    14 |       ||    14
       Dagger            |    85 |   203 ||   288
 Fire: Blowgun           |       |    20 ||    20
 Cast: Summon Small Mamm |    36 |    31 ||    67
       Summon Guardian G |     2 |     5 ||     7
  Use: Potion            |     1 |     1 ||     2
       Scroll            |       |     5 ||     5
 Stab: Sleeping          |     6 |     7 ||    13
       Distracted        |     1 |       ||     1
  Eat: Chunk             |     2 |     6 ||     8
Armor: Robe              |    55 |    95 ||   150
Dodge: Dodged            |    85 |   171 ||   256
